 Dungeon Crawl Stone Soup version 0.31-a0-819-gf6de2f5ab6 (webtiles) character file.

Game seed: 11964885455945047070

31746 Bravepunisher the Champion of Chaos (level 13, -12/67 HPs)
             Began as a Spriggan Monk on Sept 24, 2023.
             Was the Champion of Makhleb.
             Engulfed by a cloud of freezing vapour (20 damage)
             ... in an ice cave.
             The game lasted 01:11:20 (15145 turns).

Bravepunisher the Champion of Chaos (SpMo)         Turns: 15145, Time: 01:11:20

Health: -12/67     AC: 16    Str:  9    XL:     13   Next: 27%
Magic:  26/26      EV: 29    Int: 13    God:    Makhleb [******]
Gold:   1000       SH:  0    Dex: 21    Spells: 12/12 levels left

rFire   + . .        I - +1 long sword "Uraoc" {freeze, Contam rF+ Str+2}
rCold   . . .        (no shield)
rNeg    . . .        D - +0 acid dragon scales
rPois   .            F - +1 hat
rElec   .            w - +0 cloak
rCorr   +            (gloves unavailable)
SInv    +            (boots unavailable)
Will    ++...        (no amulet)
Stlth   +            H - +4 ring of protection
HPRegen 0.31/turn    f - +4 ring of protection
MPRegen 0.20/turn

%: no passive effects
@: very quick
A: very small, no large weapons, unfitting armour, see invisible, speed 3
a: Renounce Religion, Minor Destruction, Lesser Servant of Makhleb, Major
Destruction, Greater Servant of Makhleb


You were in an ice cave.
You worshipped Makhleb.
Makhleb was exalted by your worship.
You visited 3 branches of the dungeon, and saw 15 of its levels.
You also visited: Ossuary, Gauntlet and Ice Cave.

You collected 1000 gold pieces.

Inventory:

Hand Weapons
 I - the +1 long sword "Uraoc" (weapon) {freeze, Contam rF+ Str+2}
   (You found it on level 10 of the Dungeon)

   Str+2:     It affects your strength (+2).
   rF+:       It protects you from fire.
   Contam:    It causes magical contamination when unequipped.
Missiles
 r - a throwing net
Armour
 w - a +0 cloak (worn)
 D - +0 acid dragon scales (worn)
 F - a +1 hat (worn)
 G - +0 steam dragon scales
Jewellery
 f - a +4 ring of protection (right hand)
 H - a +4 ring of protection (left hand)
Wands
 s - a wand of flame (22)
 x - a wand of mindburst (19)
 J - a wand of polymorph (26)
Scrolls
 b - 3 scrolls of blinking {unknown}
 d - 6 scrolls of amnesia {unknown}
 i - a scroll of torment {unknown}
 j - 10 scrolls of identify {unknown}
 l - 4 scrolls of fog {unknown}
 m - 2 scrolls of teleportation
 o - 2 scrolls of enchant armour {unknown}
 q - 2 scrolls of enchant weapon {unknown}
 t - 3 scrolls of noise {unknown}
 v - 2 scrolls of fear {unknown}
 y - 6 scrolls of vulnerability {unknown}
 z - 3 scrolls of immolation {unknown}
 A - 2 scrolls of poison {unknown}
 B - 2 scrolls of brand weapon {unknown}
Potions
 c - 2 potions of ambrosia
 g - 2 potions of attraction {unknown}
 h - 5 potions of might {unknown}
 k - a potion of degeneration {unknown}
 p - a potion of haste {unknown}
 u - 8 potions of brilliance {unknown}
 C - a potion of lignification {unknown}
 E - 2 potions of mutation {unknown}


   Skills:
 + Level 7.0 Fighting
 - Level 3.2(5.3) Short Blades
 - Level 5.0(5.2) Long Blades
 + Level 15.9 Dodging
 * Level 16.6 Invocations


You had 12 spell levels left.
You didn't know any spells.
Your spell library contained the following spells:

 Spells                   Type           Power      Damage    Failure   Level
 Foxfire                  Conj/Fire      0%         2x1d4     45%         1
 Sublimation of Blood     Necr           0%         N/A       61%         2
 Ozocubu's Armour         Ice            0%         N/A       83%         3
 Petrify                  Tmut/Erth      0%         N/A       99%         4
 Irradiate                Conj/Tmut      0%         3d11      100%        5
 Plasma Beam              Fire/Air       0%         2x1d10    100%        6
 Starburst                Conj/Fire      0%         6d3       100%        6
 Ozocubu's Refrigeration  Ice            0%         4d7       100%        7


Dungeon Overview and Level Annotations

Branches:
Dungeon (11/15)            Temple (1/1) D:5            Lair (3/5) D:11
 Spider (0/4) Lair:2      Ossuary (visited)           IceCv (1/1)
Gauntlet (visited)
  Swamp: Lair:2-3    Shoals: Lair:2-3       Orc: D:9-12

Altars:
Ashenzari
Cheibriados
Dithmenos
Elyvilon
Fedhas
Gozag
Hepliaklqana
Kikubaaqudgha
Makhleb
Nemelex Xobeh
Okawaru
Qazlal
Ru
Sif Muna
Trog
Uskayaw
Vehumet
Wu Jian
Xom
Yredelemnul
Zin
The Shining One

Shops:
D:4 (   D:9 :   D:10 **([

Annotations:
D:11 Fannar
Temple 2 transporters


Innate Abilities, Weirdness & Mutations

You are very small and have problems with some larger weapons.
You are too small for most types of armour.
You have supernaturally acute eyesight. (SInv)
You cover ground extremely quickly. (Speed+++)


Message History

The polar bear is almost dead.
The polar bear goes berserk!
Aiming: Minor Destruction (0% risk of failure)
Press: ? - help, Shift-Dir - straight line, f/p - polar bear
Aim: a polar bear (almost dead, berserk, covered in acid)
The puff of flame misses the polar bear.
Items here: ÷÷÷÷.
Aiming: Minor Destruction (0% risk of failure)
Press: ? - help, Shift-Dir - straight line, f/p - polar bear
Aim: a polar bear (almost dead, berserk, covered in acid)
The puff of flame misses the polar bear.
The polar bear is no longer covered in acid.
The polar bear misses you.
The polar bear claws you but does no damage. x2
The polar bear rages.
Aiming: Minor Destruction (0% risk of failure)
Press: ? - help, Shift-Dir - straight line, f/p - polar bear
Aim: a polar bear (almost dead, berserk)
The stone arrow hits the polar bear.
The polar bear is almost dead.
The polar bear misses you. x3
The polar bear rages.
The polar bear rages.
Aiming: Minor Destruction (0% risk of failure)
Press: ? - help, Shift-Dir - straight line, f/p - polar bear
Aim: a polar bear (almost dead, berserk)
The puff of flame hits the polar bear!
You kill the polar bear!
Makhleb accepts your kill.
You feel better.
You start resting.
You are engulfed in freezing vapours.
* * * LOW HITPOINT WARNING * * *
You feel much better.
You are engulfed in freezing vapours.
Unknown command.
You are engulfed in freezing vapours.
* * * LOW HITPOINT WARNING * * *
Unknown command.
You feel better.
You are engulfed in freezing vapours.
You die...

.## #..# #h.h# h##
#.## ...# #...##
#.### #h###Yh#
#°... #.#.#
##†#...# ##°.○##
#...## #h#..#
#○..°.# ##.#.#
#hh.# #.§°§.
#.##.## ##.##
##§○☼# #.###.# ###
##☼§☼§# ##.#..#
#§@§§# #.##.##
##○§## ..#..#
#☼○§# .##.## ##§##
###..# ##.# ##.#.#
##..# #)##.##
###...# .#.#..#
##.#.#.#
#[###.#####...##.#


There were no monsters in sight!

Vanquished Creatures
  Erolcha (D:11)
  2 two-headed ogres
  A boulder beetle (D:11)
  5 death yaks
  2 cyclopes (D:11)
  A manticore (D:11)
  8 cane toads
  A minotaur zombie (Gauntlet)
  2 unseen horrors
  5 komodo dragons
  A kobold demonologist (D:9)
  A rime drake (Lair:1)
  7 polar bears (IceCv)
  3 trolls
  3 hornets
  5 blink frogs (Lair:1)
  4 wyverns
  48 yaks
  A basilisk (D:11)
  Menkaure (D:4)
  13 water moccasins
  3 orc warriors
  An ice beast (D:7)
  3 black bears
  A sky beast (D:6)
  A centaur (D:8)
  15 wolves (IceCv)
  4 ogres
  2 phantoms
  2 kobold brigands
  2 elf zombies (Ossuary)
  9 bullfrogs
  2 scorpions
  9 wights
  19 killer bees
  2 howler monkeys (D:7)
  A human zombie (Ossuary)
  4 hounds (D:5)
  2 centaur zombies (Ossuary)
  5 orc priests
  An iguana (D:4)
  Jessica (D:3)
  Natasha (twice) (D:3)
  5 orc wizards
  2 hound zombies (Ossuary)
  3 mummies (Ossuary)
  15 gnolls
  4 adders
  3 shadow imps
  2 ufetubi (D:5)
  2 adder zombies (Ossuary)
  3 worms
  3 dart slugs
  38 orcs
  10 endoplasms
  2 giant cockroaches
  A gnoll zombie (Ossuary)
  8 hobgoblins
  3 jackals (D:1)
  14 kobolds
  5 quokkas
  10 ball pythons
  6 bats
  5 frilled lizards
  7 goblins
  3 goblin zombies (Ossuary)
  2 hobgoblin zombies (Ossuary)
  4 jackal zombies (Ossuary)
  6 kobold zombies (Ossuary)
  2 orc zombies (Ossuary)
  4 quokka zombies (Ossuary)
  5 rats
  6 rat zombies (Ossuary)
389 creatures vanquished.

Vanquished Creatures (collateral kills)
  A minotaur (Gauntlet)
  A boulder beetle (Lair:1)
  A yak (D:9)
  A steam dragon (D:8)
  An acid dragon (D:9)
  An orc warrior (D:9)
  4 wights
  A wolf simulacrum (Lair:3)
  2 orcs
13 creatures vanquished.

Vanquished Creatures (others)
  A vampire (D:10)
1 creature vanquished.

Grand Total: 403 creatures vanquished

Notes
Turn   | Place    | Note
-------+----------+-------------------------------------------
     0 | D:1      | Bravepunisher the Spriggan Monk began the quest for the
                  | Orb.
     0 | D:1      | Reached XP level 1. HP: 11/11 MP: 2/2
   230 | D:1      | Reached XP level 2. HP: 11/16 MP: 3/3
   462 | D:5      | Entered Level 5 of the Dungeon
   529 | D:6      | Noticed a bullfrog
   569 | D:5      | Noticed an ogre
   600 | D:5      | Noticed an ogre
   639 | D:5      | Noticed an ogre
   642 | D:5      | Noticed a scorpion
   666 | D:5      | Found a staircase to the Ecumenical Temple.
   680 | Temple   | Found a transporter.
   680 | Temple   | Found a transporter.
   680 | Temple   | Found a transporter.
   680 | Temple   | Found a transporter.
   680 | Temple   | Entered the Ecumenical Temple
   694 | Temple   | Became a worshipper of Makhleb the Destroyer
   694 | Temple   | Reached * piety under Makhleb
   694 | Temple   | Reached ** piety under Makhleb
   940 | D:3      | Noticed Jessica
  1103 | D:2      | Reached XP level 3. HP: 20/20 MP: 4/4
  1312 | D:1      | Reached skill level 1 in Invocations
  2150 | D:2      | Reached XP level 4. HP: 24/24 MP: 6/6
  2324 | D:2      | Reached skill level 2 in Invocations
  2356 | D:2      | Reached *** piety under Makhleb
  2465 | D:3      | Noticed Natasha
  2490 | D:3      | Killed Natasha
  2491 | D:3      | Reached skill level 5 in Dodging
  2592 | D:3      | Reached XP level 5. HP: 22/28 MP: 8/8
  2654 | D:3      | Killed Jessica
  2655 | D:3      | Reached skill level 3 in Invocations
  3084 | D:3      | Noticed Natasha
  3086 | D:3      | Killed Natasha
  3087 | D:3      | Reached XP level 6. HP: 26/33 MP: 9/9
  3295 | D:4      | Reached skill level 4 in Invocations
  3309 | D:4      | Noticed Menkaure
  3324 | D:4      | Killed Menkaure
  3331 | D:4      | Found Goweb's Weapon Shop.
  3577 | D:4      | Reached XP level 7. HP: 36/37 MP: 11/11
  3669 | D:5      | Reached skill level 5 in Invocations
  3756 | D:5      | Reached **** piety under Makhleb
  3952 | D:5      | Reached skill level 6 in Invocations
  4118 | D:5      | Reached XP level 8. HP: 41/42 MP: 13/13
  4808 | D:6      | Reached skill level 5 in Fighting
  4852 | D:6      | Reached skill level 7 in Invocations
  5575 | D:6      | Reached skill level 8 in Invocations
  5737 | D:7      | Found a sand-covered staircase.
  5744 | Ossuary  | Entered an ossuary
  5801 | Ossuary  | Reached XP level 9. HP: 44/47 MP: 16/16
  5921 | Ossuary  | Reached ***** piety under Makhleb
  6396 | D:7      | Reached skill level 9 in Invocations
  6449 | D:7      | You fall into a shaft and drop 3 floors!
  6449 | D:10     | Entered Level 10 of the Dungeon
  6485 | D:10     | Found Romizas's CLEARANCE SALE!.
  6552 | D:10     | Reached skill level 10 in Dodging
  6583 | D:10     | Found Gups's Antique Weapon Boutique.
  6584 | D:10     | Found Mipiaru's Armour Boutique.
  6585 | D:10     | Found Aqargh's Assorted Antiques.
  6593 | D:10     | Noticed a troll
  6610 | D:10     | Found a hazy altar of Hepliaklqana.
  6612 | D:10     | Found a broken altar of Ashenzari.
  6651 | D:9      | Found Ciadiri's Vocational Training.
  6658 | D:9      | Noticed a troll
  6661 | D:9      | Noticed a kobold demonologist
  6661 | D:9      | Noticed a troll
  6830 | D:7      | Reached skill level 10 in Invocations
  7077 | D:8      | Reached XP level 10. HP: 32/53 MP: 18/18
  7226 | D:8      | Found a glowing golden altar of the Shining One.
  7232 | D:8      | Found a stormy altar of Qazlal.
  7236 | D:8      | Found a radiant altar of Vehumet.
  7565 | D:8      | Reached skill level 11 in Invocations
  8055 | D:9      | Noticed a sun demon
  8233 | D:9      | Reached skill level 12 in Invocations
  8361 | D:9      | Reached XP level 11. HP: 36/56 MP: 21/21
  8477 | D:9      | Reached ****** piety under Makhleb
  8735 | D:9      | Reached skill level 13 in Invocations
  9001 | D:10     | Noticed a two-headed ogre
  9017 | D:10     | Killed a two-headed ogre
  9040 | D:10     | Identified the +1 long sword "Uraoc" {freeze, Contam rF+
                  | Str+2}
  9149 | D:10     | Paralysed by a hornet for 2 turns
  9822 | D:11     | Noticed a boulder beetle
  9833 | D:11     | Reached skill level 14 in Invocations
  9946 | D:11     | Noticed a boulder beetle
  9970 | D:11     | Killed a boulder beetle
  9971 | D:11     | Reached skill level 1 in Long Blades
  9983 | D:11     | Noticed a two-headed ogre
  9991 | D:11     | Killed a two-headed ogre
 10021 | D:11     | Found a staircase to the Lair.
 10171 | D:11     | Noticed Erolcha
 10187 | D:11     | Killed Erolcha
 10587 | D:11     | Noticed Fannar
 10601 | Lair:1   | Entered Level 1 of the Lair of Beasts
 10601 | Lair:1   | Found a gate leading to a gauntlet.
 10628 | Gauntlet | Entered a Gauntlet
 10628 | Gauntlet | Found a transporter.
 10633 | Gauntlet | Noticed a quicksilver ooze
 10672 | Gauntlet | Noticed a hell beast
 10675 | Gauntlet | Found a transporter.
 10680 | Gauntlet | Found a transporter.
 10681 | Gauntlet | Found a transporter.
 10682 | Gauntlet | Found a transporter.
 10682 | Gauntlet | Found a large runed translucent door.
 10683 | Gauntlet | Found a large runed translucent door.
 10684 | Gauntlet | Found a transporter.
 10684 | Gauntlet | Found a large runed translucent door.
 10684 | Gauntlet | Found a large runed translucent door.
 10684 | Gauntlet | Found a runed translucent door.
 10685 | Gauntlet | Found a large runed translucent door.
 10686 | Gauntlet | Found a large runed translucent door.
 10687 | Gauntlet | Found a large runed translucent door.
 10687 | Gauntlet | Found a large runed translucent door.
 10687 | Gauntlet | Noticed a thrashing horror
 10688 | Gauntlet | Found a runed translucent gate.
 10688 | Gauntlet | Found a runed translucent gate.
 10689 | Gauntlet | Found a transporter.
 10689 | Gauntlet | Noticed a cyan ugly thing
 10690 | Gauntlet | Noticed a cyan ugly thing
 10693 | Gauntlet | Noticed a thrashing horror
 10693 | Gauntlet | Noticed a great orb of eyes
 10697 | Gauntlet | Found a transporter.
 10698 | Gauntlet | Found a runed translucent gate.
 10698 | Gauntlet | Found a runed translucent door.
 10699 | Gauntlet | Found a large runed translucent door.
 10699 | Gauntlet | Found a large runed translucent door.
 10700 | Gauntlet | Found a large runed translucent door.
 10701 | Gauntlet | Found a large runed translucent door.
 10710 | Gauntlet | Found a large runed translucent door.
 10710 | Gauntlet | Found a large runed translucent door.
 10711 | Gauntlet | Found a large runed translucent door.
 10712 | Gauntlet | Found a large runed translucent door.
 10756 | Gauntlet | Found a transporter.
 10758 | Gauntlet | Noticed a hell beast
 10772 | Gauntlet | Found a transporter.
 10776 | Gauntlet | Found a transporter.
 10781 | Gauntlet | Noticed a wizard
 10781 | Gauntlet | Noticed a wizard
 10794 | Gauntlet | Found a transporter.
 10872 | Gauntlet | Identified the amulet "Xokyel" {Spirit rN+}
 10955 | Gauntlet | Noticed a minotaur
 10990 | Gauntlet | Killed a minotaur
 10991 | Gauntlet | Reached XP level 12. HP: 29/60 MP: 22/24
 11390 | Lair:1   | Noticed a boulder beetle
 11420 | Lair:1   | Killed a boulder beetle
 11421 | Lair:1   | Reached skill level 15 in Invocations
 12054 | Lair:1   | Reached skill level 15 in Dodging
 12678 | Lair:2   | Noticed a death yak
 12678 | Lair:2   | Noticed a death yak
 12679 | Lair:2   | Noticed a death yak
 12679 | Lair:2   | Noticed a death yak
 12889 | Lair:2   | Found a hole to the Spider Nest.
 13176 | Lair:2   | Killed a death yak
 13220 | Lair:2   | Killed a death yak
 13575 | Lair:2   | Reached skill level 16 in Invocations
 13857 | Lair:3   | Found a frozen archway.
 13897 | IceCv    | Entered an ice cave
 14355 | IceCv    | Reached skill level 5 in Long Blades
 14355 | IceCv    | Reached XP level 13. HP: 65/65 MP: 26/26
 15144 | IceCv    | HP: 1/67 [something (23)]
 15145 | IceCv    | Engulfed by a cloud of freezing vapour

Illustrated notes

Levels and vault maps discovered:
D:1:      lightli_arrival_farm, layout_basic
D:2:      layout_basic, minmay_splitting_lines, minmay_between
D:3:      layout_basic, dreamdust_wishing_well, uniq_jessica, uniq_natasha
D:4:      layout_rooms, serial_shops, nicolae_shop_bloodbath_and_beyond,
          grunt_decor_junction, corexii_checkpoint_a, uniq_menkaure
D:5:      minmay_opposing_rooms, layout_basic, minmay_temple_entry_statues,
          ebering_dispersal_statue_hall
D:6:      layout_loops_ring, minivault_22, nicolae_lava_and_water
D:7:      layout_basic, enter_ossuary_1
D:8:      layout_cave_pools, minmay_overflow_temple_star_quad
D:9:      layout_cave_pools, enter_bailey_6, minmay_misc_feat_four_crosses,
          nicolae_shop_vocational
D:10:     layout_basic, chequers_temple_overflow_statue_of_worship,
          nicolae_shop_distant_corner_stores, nicolae_shop_clearance
D:11:     layout_stronghold, minmay_lair_entry_grove, moated_statue,
          uniq_erolcha, uniq_fannar
Temple:   hellmonk_temple_divided_pantheon
Lair:1:   layout_roguey, gauntlet_entry_generic, grunt_megastairs_3,
          serial_bayou_shore_b
Lair:2:   layout_roguey, dummy_spider_entry
Lair:3:   layout_roguey, skrybe_swamp_entry_bodies,
          portal_ice_cave_entry_ice_simulacra
IceCv:    ice_cave_caverns_01

Skill      XL: |  1  2  3  4  5  6  7  8  9 10 11 12 13 |
---------------+----------------------------------------+-----
Fighting       | 3 4 5 6 7 |  7.0
Invocations    | 1 2 3 4 6 8 10 12 14 16 | 16.6
Dodging        | 5 6 7 8 10 12 14 15 | 15.9
Long Blades    | 2 5 |  5.0
Short Blades   | |  3.2

Action                     |  1- 3 |  4- 6 |  7- 9 | 10-12 | 13-15 || total
---------------------------+-------+-------+-------+-------+-------++-------
  Melee: Short sword       |    54 |     4 |   208 |   203 |       ||   469
         Punch             |     1 |       |     9 |    12 |     5 ||    27
         Dagger            |       |     1 |       |       |       ||     1
         Long sword        |       |       |       |   470 |   164 ||   634
 Invoke: Minor Destruction |    69 |   119 |   320 |   419 |    68 ||   995
         Lesser Servant of |       |       |       |    10 |       ||    10
  Evoke: Wand              |       |       |     4 |    19 |       ||    23
    Use: Potion            |     1 |       |     1 |     8 |     2 ||    12
         Scroll            |     1 |       |     1 |       |       ||     2
   Stab: Sleeping          |     3 |       |       |     2 |       ||     5
         Paralysed         |       |       |       |     5 |       ||     5
         Distracted        |       |       |       |     2 |       ||     2
 Armour: Robe              |    27 |    12 |    78 |     4 |       ||   121
         Steam dragon scal |       |       |       |    76 |       ||    76
         Acid dragon scale |       |       |       |   186 |    57 ||   243
  Dodge: Dodged            |   120 |    18 |   253 |   963 |   213 ||  1567

Table legend: (Time is in decaauts)
 A = Elapsed time spent in this place.
 B = Non-inter-level travel time spent in this place.
 C = Inter-level travel time spent in this place.
 D = Time resting spent in this place.
 E = Time spent auto-exploring this place.
 F = Levels seen in this place.
 G = Mean time per level.
                   A        B        C        D        E       F      G
               +--------+--------+--------+--------+--------+-----+--------+
         Total |  11683 |  11434 |    249 |    984 |   6598 |  18 |  649.1 |
       Dungeon |   7504 |   7296 |    208 |    562 |   4439 |  11 |  682.2 |
        Temple |    129 |    126 |      3 |    100 |      0 |   1 |  129.0 |
          Lair |   2246 |   2209 |     37 |     93 |   1502 |   3 |  748.7 |
       Ossuary |    296 |    296 |      0 |      0 |     61 |   1 |  296.0 |
      Ice Cave |   1069 |   1069 |      0 |     77 |    481 |   1 | 1069.0 |
      Gauntlet |    437 |    437 |      0 |    151 |    112 |   1 |  437.0 |
               +--------+--------+--------+--------+--------+-----+--------+

Top non-repeatable levels by time:
  Lair:1: 1359 daAuts
   IceCv: 1069 daAuts
     D:5: 933 daAuts
    D:11: 874 daAuts
  Lair:2: 853 daAuts
     D:9: 840 daAuts
     D:8: 789 daAuts
     D:6: 756 daAuts
     D:3: 666 daAuts
     D:2: 632 daAuts
     D:1: 622 daAuts
    D:10: 582 daAuts
Gauntlet: 437 daAuts
     D:7: 427 daAuts
     D:4: 380 daAuts
